 Dungeon Crawl Stone Soup version 0.31-a0-977-gc230f8ef24 (webtiles) character file.

Game seed: 15021668360484967593

8127 timneilson the Ruffian (level 11, -12/75 HPs)
             Began as an Octopode Shapeshifter on Oct 29, 2023.
             Was an Initiate of Gozag.
             Mangled by a two-headed ogre
             ... wielding a +0 giant club
              (29 damage)
             ... on level 9 of the Dungeon.
             The game lasted 00:27:01 (8046 turns).

timneilson the Ruffian (Octopode Shapeshifter)      Turns: 8046, Time: 00:27:01

Health: -12/75     AC:  1    Str: 28    XL:     11   Next: 26%
Magic:  17/17      EV: 20    Int: 22    God:    Gozag
Gold:   929        SH:  5    Dex: 11    Spells: 15/18 levels left

rFire   x .          .
                       - Unarmed
rCold   + + .        (shield currently unavailable)
rNeg    + . .        (helmet restricted)
rPois   .            i - amulet of reflection
rElec   .            k - +5 ring of evasion
rCorr   .            s - +6 ring of strength
SInv    .            t - ring of positive energy
Will    .....        v - ring of protection from cold
Stlth   ++           r - ring "Pezyaruy" {rF- rC+ Str+4 Int+9 Stlth-}
HPRegen 0.32/turn    (no ring)
MPRegen 0.15/turn    (no ring)
                     (no ring)

%: reflection
@: flux-form, gold aura, hasted and slowed, glowing
A: glow, contaminating, almost no armour, amphibious, 8 rings, camouflage 1,
gelatinous body 1, (nimble swimmer 1), tentacles
a: Begin Untransformation, Renounce Religion, Potion Petition, Call Merchant,
Bribe Branch


You were on level 9 of the Dungeon.
You worshipped Gozag.
Gozag was pleased with you.
You were something dangerously unstable.
You visited 2 branches of the dungeon, and saw 10 of its levels.

You collected 1728 gold pieces.
You spent 676 gold pieces at shops.
You paid 123 gold pieces to Gozag.

Inventory:

Hand Weapons
 d - a +4 dagger
 q - a +2 whip of electrocution
Jewellery
 i - an amulet of reflection (around mantle)
 k - a +5 ring of evasion (left tentacle)
 r - the ring "Pezyaruy" (on tentacle) {rF- rC+ Str+4 Int+9 Stlth-}
   (You acquired it on level 4 of the Dungeon)

   [ring of protection from cold]

   Str+4:     It affects your strength (+4).
   Int+9:     It affects your intelligence (+9).
   rF-:       It makes you vulnerable to fire.
   rC+:       It protects you from cold.
   Stlth-:    It makes you less stealthy.
 s - a +6 ring of strength (right tentacle)
 t - a ring of positive energy (on tentacle)
 v - a ring of protection from cold (on tentacle)
 B - a ring of resist corrosion
Talismans
 b - a beast talisman
 c - a flux talisman (active)
 e - a blade talisman
Wands
 f - a wand of paralysis (2)
 l - a wand of flame (34)
 n - a wand of roots (6)
 z - a wand of mindburst (14)
Scrolls
 h - a scroll of teleportation
 o - 2 scrolls of revelation
 w - 2 scrolls of poison
 x - a scroll of silence
 y - 2 scrolls of noise
 C - 2 scrolls of identify
 D - a scroll of amnesia
Potions
 a - 2 potions of lignification
 g - a potion of magic
 j - 3 potions of attraction
 m - 2 potions of might
 p - 2 potions of enlightenment
 u - 3 potions of curing


   Skills:
 * Level 7.2 Fighting
 * Level 7.4 Dodging
 + Level 6.5 Stealth
 * Level 7.9 Unarmed Combat
 + Level 4.4 Spellcasting
 + Level 1.5 Translocations
 + Level 3.2 Ice Magic
 + Level 5.1 Evocations
 * Level 7.2 Shapeshifting


You had 15 spell levels left.
You knew the following spells:

 Your Spells              Type           Power      Damage    Failure   Level
a - Freeze                Ice            76%        1d8       2%          1
b - Blink                 Tloc           22%        N/A       9%          2

Your spell library contained the following spells:

 Spells                   Type           Power      Damage    Failure   Level
 Ensorcelled Hibernation  Hex/Ice        24%        N/A       9%          2
 Lesser Beckoning         Tloc           22%        N/A       9%          2
 Frozen Ramparts          Ice            38%        1d6       9%          3
 Momentum Strike          Conj/Tloc      16%        3d8       12%         2
 Jinxbite                 Hex            8%         N/A       16%         2
 Hailstorm                Conj/Ice       12%        3d5       17%         3
 Anguish                  Hex/Necr       2%         N/A       71%         4
 Petrify                  Tmut/Erth      4%         N/A       71%         4
 Metabolic Englaciation   Hex/Ice        6%         N/A       83%         5
 Chain Lightning          Conj/Air       2%         3d2       100%        9
 Fire Storm               Conj/Fire      2%         8d1       100%        9
 Shatter                  Erth           2%         3d6*      100%        9


Dungeon Overview and Level Annotations

Branches:
Dungeon (9/15)             Temple (1/1) D:7            Lair (0/5) D:8
    Orc: D:9-12

Altars:
Ashenzari
Cheibriados
Dithmenos
Elyvilon
Fedhas
Gozag
Hepliaklqana
Kikubaaqudgha
Makhleb
Nemelex Xobeh
Okawaru
Qazlal
Ru
Sif Muna
Trog
Uskayaw
Vehumet
Wu Jian
Xom
Yredelemnul
Zin
The Shining One

Shops:
D:1 (   D:2 ?   D:4 (


Innate Abilities, Weirdness & Mutations

You are something dangerously unstable.
You glow with magical radiation, making you easy to see and hit.
Foes you strike become dangerously contaminated with magical radiation.
You are incapable of wielding weapons or throwing items.
You cannot wear most types of armour.
You are amphibious.
You can wear up to eight rings at the same time.
Your skin changes colour to match your surroundings (Stealth+).
Your rubbery body absorbs attacks. (AC +1, EV +1)
((You are camouflaged when in or above water. (Stealth+)))
You have tentacles for arms and can constrict up to eight enemies at once.


Message History

Gastronok closely misses you.
You bludgeon Gastronok!
Gastronok glows dangerously bright.
You squeeze Gastronok.
Gastronok is heavily wounded.
You bludgeon Gastronok!
Gastronok shudders as magic cascades through him!
Gastronok twists and deforms.
You squeeze Gastronok!
Gastronok is severely wounded.
Gastronok completely misses you.
You tentacle-slap Gastronok.
Gastronok begins to glow.
Gastronok is severely wounded.
A two-headed ogre comes into view. It is wielding two +0 giant clubs.
The two-headed ogre shouts in stereo!
You tentacle-slap Gastronok.
Gastronok glows dangerously bright.
You squeeze Gastronok, but do no damage.
Gastronok is severely wounded.
Gastronok waves his eye-stalks in wide circles.
The air twists around and strikes you!!
You tentacle-slap Gastronok.
Gastronok shudders as magic cascades through him!!
Gastronok twists and deforms.
You squeeze Gastronok.
Gastronok is almost dead.
Gastronok bites you!!
* * * LOW HITPOINT WARNING * * *
You feel better.
You bludgeon Gastronok!
Gastronok begins to glow.
Gastronok is almost dead.
Gastronok's eyestalks quiver as he mumbles some strange words.
Gastronok puts on a burst of speed!
You tentacle-slap Gastronok.
Gastronok glows dangerously bright.
Gastronok is almost dead.
The two-headed ogre misses you. The two-headed ogre barely misses you.
Gastronok closely misses you.
You bludgeon Gastronok!
You kill Gastronok!
The two-headed ogre barely misses you. The two-headed ogre closely misses you.
You feel yourself speed up. The two-headed ogre misses you.
The two-headed ogre hits you with a +0 giant club!!
You die...
Your body crumbles into a pile of gold.

#.....#####
####......#####
#......>...#####
##
#.#####........###
... #.##
########....
....###..# #####
......#..# #
......O..## #.
......$p..# #..
..........## #...
####...##..# #...
#..# ##.## #....
#..# #..# #....
#..# ##.## .....
#... ##.# . #..
#.## . ##.## .


You could see a two-headed ogre.

Vanquished Creatures
  Gastronok (D:9)
  A two-headed ogre (D:5)
  Pikel (D:4)
  Joseph (D:7)
  A gargoyle (D:8)
  Psyche (D:8)
  Prince Ribbit (D:8)
  A wyvern (D:8)
  7 yaks (D:8)
  A steam dragon (D:8)
  4 water moccasins
  3 orc warriors
  3 ice beasts
  5 black bears
  2 ogres
  A centaur (D:8)
  3 lemures (D:4)
  Blork the orc (D:6)
  A kobold brigand (D:8)
  2 gnoll sergeants
  3 bullfrogs (D:8)
  2 scorpions
  8 wights (D:6)
  The ghost of gdog the Covert, a weakling GnDe (D:5)
  3 howler monkeys (D:8)
  3 hounds
  2 jellies
  A gnoll bouda (D:5)
  3 orc priests
  Terence (D:3)
  3 iguanas
  8 orc wizards
  13 gnolls
  6 adders
  4 white imps
  2 ufetubi (D:5)
  3 worms (D:3)
  3 dart slugs
  26 orcs
  7 bats
  10 endoplasms
  9 giant cockroaches
  4 goblins
  6 hobgoblins
  6 jackals (D:1)
  2 quokkas
  6 ball pythons
  13 kobolds
  10 rats
209 creatures vanquished.

Notes
Turn   | Place    | Note
-------+----------+-------------------------------------------
     0 | D:1      | timneilson the Octopode Shapeshifter began the quest for
                  | the Orb.
     0 | D:1      | Reached XP level 1. HP: 13/13 MP: 1/1
    73 | D:1      | Reached XP level 2. HP: 13/18 MP: 2/2
   304 | D:1      | Reached skill level 1 in Stealth
   304 | D:1      | Reached XP level 3. HP: 5/23 MP: 3/3
   446 | D:1      | Found Vovvoorr's Weapon Boutique.
   732 | D:2      | Found Riemaficw's Magic Scroll Boutique.
   903 | D:2      | Reached XP level 4. HP: 29/29 MP: 4/4
  1197 | D:3      | Noticed a black bear
  1451 | D:3      | Noticed Terence
  1475 | D:3      | Killed Terence
  1476 | D:3      | Reached skill level 1 in Spellcasting
  1476 | D:3      | Reached XP level 5. HP: 30/34 MP: 6/6
  1624 | D:3      | Found a white marble altar of Elyvilon.
  1884 | D:4      | Reached XP level 6. HP: 32/41 MP: 7/7
  1920 | D:4      | Reached skill level 1 in Evocations
  1940 | D:4      | Noticed Pikel
  1977 | D:4      | Killed Pikel
  1978 | D:4      | Reached XP level 7. HP: 34/46 MP: 7/9
  2163 | D:4      | Reached XP level 8. HP: 46/54 MP: 11/11
  2457 | D:4      | Found Fytass's Antique Weapon Boutique.
  2488 | D:4      | Identified a scroll of acquirement
  2612 | D:5      | Entered Level 5 of the Dungeon
  2641 | D:5      | Found a runed translucent door.
  2644 | D:5      | Noticed gdog's ghost (weakling GnDe)
  2644 | D:5      | Noticed a two-headed ogre
  2712 | D:5      | Reached skill level 5 in Unarmed Combat
  3120 | D:5      | Killed a two-headed ogre
  3121 | D:5      | Reached skill level 5 in Dodging
  3121 | D:5      | Reached skill level 5 in Shapeshifting
  3121 | D:5      | Reached XP level 9. HP: 41/60 MP: 11/13
  3315 | D:5      | Reached skill level 5 in Fighting
  3509 | D:5      | Reached skill level 5 in Stealth
  3691 | D:6      | Learned a level 1 spell: Freeze
  3830 | D:6      | Found a radiant altar of Vehumet.
  4010 | D:6      | Reached skill level 1 in Ice Magic
  4124 | D:6      | Found a shadowy altar of Dithmenos.
  4415 | D:6      | Noticed Blork the orc
  4422 | D:6      | Killed Blork the orc
  5256 | D:7      | Reached XP level 10. HP: 43/68 MP: 15/15
  5430 | D:7      | Noticed Joseph
  5444 | D:7      | Killed Joseph
  5724 | D:7      | Found a staircase to the Ecumenical Temple.
  5740 | Temple   | Entered the Ecumenical Temple
  5764 | Temple   | Became a worshipper of Gozag Ym Sagoz the Greedy
  5829 | D:7      | Acquired the ring "Pezyaruy" {rF- rC+ Str+4 Int+9 Stlth-}
  6171 | D:8      | Noticed Psyche
  6186 | D:8      | Killed Psyche
  6468 | D:8      | Learned a level 2 spell: Blink
  6546 | D:8      | Noticed Prince Ribbit
  6556 | D:8      | Killed Prince Ribbit
  6561 | D:8      | Noticed a gargoyle
  6836 | D:8      | Found a staircase to the Lair.
  6867 | D:8      | Killed a gargoyle
  6890 | D:8      | Reached skill level 1 in Translocations
  6890 | D:8      | Reached XP level 11. HP: 63/74 MP: 17/17
  7425 | D:8      | Reached skill level 5 in Evocations
  7608 | D:2      | Bought a scroll of acquirement for 676 gold pieces
  7608 | D:2      | Acquired 889 gold pieces
  7725 | D:5      | Killed gdog's ghost
  8021 | D:9      | Noticed Gastronok
  8039 | D:9      | Noticed a two-headed ogre
  8045 | D:9      | Killed Gastronok
  8046 | D:9      | Mangled by a two-headed ogre

Illustrated notes

Levels and vault maps discovered:
D:1:      onia_arrival_handbag, layout_rooms, serial_shops,
          nicolae_shop_hallway_stairs
D:2:      layout_basic, serial_shops, shop
D:3:      layout_rooms, mainiacjoe_overflow_alcove_4, uniq_terence
D:4:      layout_loops_ring, serial_shops, nicolae_take_the_stairs, uniq_pikel
D:5:      layout_basic, hellmonk_ghost_happy_afterlife
D:6:      layout_loops_ring, mainiacjoe_overflow_surrounded_room,
          vehumet_altar_wand_db, hangedman_abyss_or_decor_lesser_grid,
          uniq_blork_the_orc
D:7:      layout_basic, temple_green, uniq_joseph
D:8:      layout_loops_corners, david_lair_generic,
          hangedman_abyss_or_decor_stagger, uniq_psyche, uniq_prince_ribbit1
D:9:      layout_cave_pods, serial_glass, glass_columns_b, glass_columns_a,
          uniq_gastronok
Temple:   nicolae_temple_bog_church

Skill      XL: |  1  2  3  4  5  6  7  8  9 10 11 |
---------------+----------------------------------+-----
Stealth        | 1 2 3 4 5 6 |  6.5
Fighting       | 2 3 4 5 6 7 |  7.2
Spellcasting   | 1 2 3 4 |  4.4
Dodging        | 3 4 5 6 7 |  7.4
Unarmed Combat | 4 5 6 7 |  7.9
Evocations     | 2 3 4 5 |  5.1
Shapeshifting  | 4 5 6 7 |  7.2
Ice Magic      | 1 3 |  3.2
Translocations | 1 |  1.5

Action                     |  1- 3 |  4- 6 |  7- 9 | 10-12 || total
---------------------------+-------+-------+-------+-------++-------
  Melee: Unarmed           |    67 |   123 |   177 |   159 ||   526
         Constrict         |    17 |    32 |    46 |    28 ||   123
         Tentacles         |    14 |    32 |    52 |    51 ||   149
         Punch             |     1 |     6 |    14 |    11 ||    32
  Evoke: Wand              |       |       |     5 |       ||     5
    Use: Scroll            |     6 |     4 |     6 |     5 ||    21
         Potion            |       |       |     1 |     5 ||     6
   Stab: Sleeping          |     7 |     5 |    11 |     1 ||    24
         Distracted        |       |     1 |     1 |     1 ||     3
         Paralysed         |       |       |     4 |       ||     4
 Armour: Skin              |    18 |    24 |    48 |    46 ||   136
  Dodge: Dodged            |    34 |    55 |    72 |    98 ||   259
  Block: Other             |     4 |    22 |    24 |    29 ||    79
         Reflection        |       |       |       |     2 ||     2
   Form: Flux              |       |       |       |     1 ||     1

Table legend: (Time is in decaauts)
 A = Elapsed time spent in this place.
 B = Non-inter-level travel time spent in this place.
 C = Inter-level travel time spent in this place.
 D = Time resting spent in this place.
 E = Time spent auto-exploring this place.
 F = Levels seen in this place.
 G = Mean time per level.
                   A        B        C        D        E       F      G
               +--------+--------+--------+--------+--------+-----+--------+
         Total |   8015 |   7115 |    900 |   1098 |   3055 |  10 |  801.5 |
       Dungeon |   7968 |   7089 |    879 |   1098 |   3055 |   9 |  885.3 |
        Temple |     46 |     25 |     21 |      0 |      0 |   1 |   46.0 |
               +--------+--------+--------+--------+--------+-----+--------+

Top non-repeatable levels by time:
     D:8: 1394 daAuts
     D:6: 1247 daAuts
     D:5: 1119 daAuts
     D:4: 1108 daAuts
     D:7: 911 daAuts
     D:3: 780 daAuts
     D:1: 639 daAuts
     D:2: 484 daAuts
     D:9: 284 daAuts
  Temple: 46 daAuts
